 Dungeon Crawl Stone Soup version 0.29.1-13-g9f3cf754e1 (webtiles) character file.

Game seed: 13772981562278944146

129 Thatpatchoflichen the Shooter (level 4, -1/26 HPs)
             Began as a Deep Elf Hunter on Jan 31, 2023.
             Slain by an orc
             ... wielding a +0 whip
              (5 damage)
             ... on level 3 of the Dungeon.
             The game lasted 00:11:13 (2671 turns).

Thatpatchoflichen the Shooter (Deep Elf Hunter)     Turns: 2671, Time: 00:11:14

Health: -1/26      AC:  4    Str:  8    XL:     4   Next: 88%
Magic:  6/6        EV: 14    Int: 14    God:
Gold:   89         SH:  0    Dex: 20    Spells: 3/3 levels left

rFire   . . .      SeeInvis .   a - +0 shortbow
rCold   . . .      Faith    .   (shield currently unavailable)
rNeg    . . .      Spirit   .   c - +0 leather armour
rPois   .          Reflect  .   (no helmet)
rElec   .          Harm     .   (no cloak)
rCorr   .          Rampage  .   p - +0 pair of gloves
Will    .....                   (no boots)
Stlth   ++........              (no amulet)
HPRegen 0.08/turn               (no ring)
MPRegen 0.10/turn               (no ring)

@: no status effects
A: no striking features
a: no special abilities


You were on level 3 of the Dungeon.
You visited 1 branch of the dungeon, and saw 4 of its levels.

You collected 89 gold pieces.

Inventory:

Hand Weapons
 a - a +0 shortbow (weapon)
 d - a +0 short sword of venom
Missiles
 g - a throwing net
 n - 5 boomerangs
Armour
 c - a +0 leather armour (worn)
 p - a +0 pair of gloves (worn)
Wands
 q - a wand of polymorph (2)
Scrolls
 b - a scroll of immolation
 f - a scroll of fear {unknown}
 i - a scroll of enchant armour {unknown}
 j - a scroll of teleportation {unknown}
 k - a scroll of enchant weapon {unknown}
 l - a scroll of amnesia {unknown}
 m - a scroll of identify {unknown}
Potions
 e - a potion of flight {unknown}
 h - 2 potions of curing {unknown}
 o - a potion of might {unknown}


   Skills:
 - Level 2.0 Fighting
 + Level 6.6 Ranged Weapons
 + Level 4.4 Dodging
 - Level 2.0 Stealth


You had 3 spell levels left.
You didn't know any spells.
Your spell library contained the following spells:

 Spells                   Type           Power      Damage    Failure   Level
 Sting                    Tmut/Pois      0%         1d3       38%         1
 Passwall                 Tmut/Erth      0%         N/A       54%         2
 Poisonous Vapours        Pois/Air       0%         N/A       54%         2
 Borgnjor's Vile Clutch   Necr/Erth      0%         N/A       100%        5
 Shatter                  Erth           0%         3d5*      100%        9


Dungeon Overview and Level Annotations

Branches:
Dungeon (4/15)
 Temple: D:4-7

Altars:
Dithmenos

Shops:
D:3 !


Message History

The orc wizard hits you with a +0 dagger.
* * * LOW HITPOINT WARNING * * *
The orc attacks as you move away! The orc closely misses you.
The orc misses you.
The orc wizard mumbles some strange words.
The orc wizard flickers and vanishes!
Deactivating autopickup; reactivate with Ctrl-A.
The orc attacks as you move away! The orc hits you but does no damage.
Fire: a) +0 shortbow
Press: ? - help, Q - select action, (/) - cycle Shift-Dir - straight line, f - orc
Aim: an orc, wielding a +0 mace (66% to hit)
You shoot an arrow. The arrow hits the orc.
The orc is heavily wounded.
The orc misses you.
Fire: a) +0 shortbow
Press: ? - help, Q - select action, (/) - cycle Shift-Dir - straight line, f/p - orc
Aim: an orc, wielding a +0 mace (heavily wounded, 66% to hit)
You shoot an arrow. The arrow hits the orc!
You kill the orc!
Unknown command.
Fire: a) +0 shortbow
Press: ? - help, Q - select action, (/) - cycle Shift-Dir - straight line, f - orc
Aim: an orc, wielding a +0 whip and wearing a +0 chain mail (heavily wounded, 72% to hit)
You shoot an arrow. Something hits you but does no damage.
Fire: a) +0 shortbow
Press: ? - help, Q - select action, (/) - cycle Shift-Dir - straight line, f/p - orc
Aim: an orc, wielding a +0 whip and wearing a +0 chain mail (heavily wounded, 72% to hit)
You shoot an arrow.
Reactivating autopickup.
You feel a bit more experienced. The orc misses you.
Fire: a) +0 shortbow
Press: ? - help, Q - select action, (/) - cycle Shift-Dir - straight line, f/p - orc
Aim: an orc, wielding a +0 whip and wearing a +0 chain mail (moderately wounded, 72% to hit)
You shoot an arrow.
The arrow hits the orc but does no damage.
The orc is moderately wounded.
The orc hits you with a +0 whip.
You die...

### ..# ##########
#.# ### #.....o@.#
#.###.####.##..##.#
#.##....##.###'# .#
.........#.###)# .#
#.##........#... .#
#.###....#.##8.8#.#
..# #.#.##.##...#.#
### #.########'####
#+#


You could see an orc.

Vanquished Creatures
  An orc wizard (D:3)
  An adder (D:2)
  An ufetubus (D:4)
  2 worms (D:2)
  3 dart slugs (D:1)
  2 orcs (D:3)
  5 bats
  5 endoplasms
  6 giant cockroaches
  10 goblins
  4 hobgoblins
  8 kobolds
  6 quokkas
  4 ball pythons (D:1)
  2 frilled lizards (D:1)
  6 rats
66 creatures vanquished.

Notes
Turn   | Place    | Note
-------+----------+-------------------------------------------
     0 | D:1      | Thatpatchoflichen the Deep Elf Hunter began the quest for
                  | the Orb.
     0 | D:1      | Reached XP level 1. HP: 12/12 MP: 3/3
   226 | D:1      | Reached XP level 2. HP: 17/17 MP: 4/4
   263 | D:1      | Found a faded altar of an unknown god.
   327 | D:1      | Reached XP level 3. HP: 13/21 MP: 5/5
   980 | D:1      | Reached skill level 6 in Ranged Weapons
  1714 | D:2      | Reached XP level 4. HP: 26/26 MP: 6/6
  1744 | D:2      | Got Ygalieck's Guidebook on the Noxious Lithosphere
  2436 | D:3      | Found a shadowy altar of Dithmenos.
  2448 | D:3      | Found Maatoaw's Distillery.
  2478 | D:3      | Noticed an ogre
  2671 | D:3      | Slain by an orc

Illustrated notes

Levels and vault maps discovered:
D:1:      dreamdust_arrival_sigmund_warning, layout_basic,
          chequers_ecumenical_altar_island, minmay_misc_feat_square
D:2:      layout_loops_ring, minmay_misc_feat_room, minmay_fractal_squares_5
D:3:      layout_loops_corners, grunt_dithmenos_smoke, serial_shops,
          nicolae_shop_window_shopping, st_stairs_5, pf_guarded_unrand_delatra,
          uniq_robin
D:4:      layout_loops_corners, vehumet_altar_wand_db

Skill      XL: |  1  2  3  4 |
---------------+-------------+-----
Fighting       | 2 |  2.0
Dodging        | 3 4 |  4.4
Stealth        | 2 |  2.0
Ranged Weapons | 6 |  6.6

Action                   |  1- 3 |  4- 6 || total
-------------------------+-------+-------++-------
 Fire: Shortbow          |   102 |    61 ||   163
Armor: Leather armour    |    16 |    13 ||    29
Dodge: Dodged            |    61 |    25 ||    86
